 Dungeon Crawl Stone Soup version 0.31-a0-466-g98c9adc2b6 (webtiles) character file.

Game seed: 17896540191169413782

26 Xavori the Trooper (level 3, 23/23 HPs)
             Began as an Octopode Chaos Knight on Aug 5, 2023.
             Was a Plaything of Xom.
             Quit the game on level 2 of the Dungeon.
             The game lasted 00:01:21 (9778 turns).

Xavori the Trooper (Octopode Chaos Knight)          Turns: 9778, Time: 00:01:21

Health: 23/23      AC:  3    Str:  8 (11) XL:     3   Next: 8%
Magic:  3/3        EV: 13    Int: 14      God:    Xom [...*..]
Gold:   96         SH:  0    Dex: 10 (13) Spells: 2/2 levels left

rFire   . . .        a - +0 short sword (chaos)
rCold   . . .        (no shield)
rNeg    . . .        (helmet restricted)
rPois   .            (no amulet)
rElec   +            (no ring)
rCorr   .            (no ring)
SInv    .            (no ring)
Will    .....        (no ring)
Stlth   ++           (no ring)
HPRegen 0.23/turn    (no ring)
MPRegen 0.08/turn    (no ring)
                     (no ring)

%: no passive effects
@: no status effects
A: almost no armour, amphibious, 8 rings, camouflage 1, gelatinous body 1,
(nimble swimmer 1), tentacles, beak, iridescent scales 1, deterioration 2, frail
1, sense surroundings 2, electricity resistance, evolution 1
a: Renounce Religion


You were on level 2 of the Dungeon.
You worshipped Xom.
You were a favourite toy of Xom.
You visited 1 branch of the dungeon, and saw 2 of its levels.

You collected 96 gold pieces.

Inventory:

Hand Weapons
 a - a +0 short sword of chaos (weapon)
Scrolls
 b - a scroll of butterflies
 c - a scroll of brand weapon {unknown}
 e - 2 scrolls of identify {unknown}
Potions
 d - 2 potions of curing {unknown}


   Skills:
 + Level 3.4 Fighting
 + Level 3.4 Short Blades
 + Level 2.6 Dodging
 + Level 0.3 Stealth


You had 2 spell levels left.
You didn't know any spells.
Your spell library was empty.

Dungeon Overview and Level Annotations

Branches:
Dungeon (2/15)

Altars:

Shops:
D:1 [


Innate Abilities, Weirdness & Mutations

You cannot wear most types of armour.
You are amphibious.
You can wear up to eight rings at the same time.
Your skin changes colour to match your surroundings (Stealth+).
Your rubbery body absorbs attacks. (AC +1, EV +1)
((You are camouflaged when in or above water. (Stealth+)))
You have tentacles for arms and can constrict up to eight enemies at once.
You have a beak for a mouth.
You are partially covered in iridescent scales. (AC +2)
Your body often deteriorates upon taking damage.
You are frail. (-10% HP)
You passively map the area around you.
You are resistant to electric shocks. (rElec)
You have hidden genetic potential.


Message History

You start waiting.
Done waiting.
You start waiting.
Xom smiles on you. Something appears before you!
You see here a staff of death.
You are now a toy of Xom.
There is a stone staircase leading down here.
Things that are here:
a staff of death; a staff of fire You start waiting.
Done waiting.
You start waiting.
Done waiting.
You start waiting.
Done waiting.
You start waiting.
Done waiting.
You start waiting.
Done waiting.
You start waiting.
Xom makes a sudden noise!
You hear someone snoring.
You start waiting.
Done waiting.
You start waiting.
Done waiting.
You start waiting.
Done waiting.
You start waiting.
Done waiting.
You start waiting.
You are now a favourite toy of Xom.
You start waiting.
Done waiting.
You start waiting.
Done waiting.
You start waiting.
Done waiting.
You climb downwards.
There is a stone staircase leading up here.
Are you sure you want to abandon this character and quit the game? (Confirm with "yes".)

* *, , *
* , , , *
,,, *
#########
,
#@.......
#########
* , , ,


There were no monsters in sight!

Vanquished Creatures
  3 endoplasms (D:1)
  2 giant cockroaches (D:1)
  3 goblins (D:1)
  3 hobgoblins (D:1)
  2 kobolds (D:1)
  4 ball pythons (D:1)
  A bat (D:1)
  A frilled lizard (D:1)
  5 rats (D:1)
24 creatures vanquished.

Notes
Turn   | Place    | Note
-------+----------+-------------------------------------------
     0 | D:1      | Xavori the Octopode Chaos Knight began the quest for the
                  | Orb.
     0 | D:1      | Reached XP level 1. HP: 16/16 MP: 1/1
    58 | D:1      | XOM: silly message
   150 | D:1      | Reached XP level 2. HP: 21/21 MP: 2/2
   254 | D:1      | XOM: stat loss: -1 Str (10/11)
   503 | D:1      | XOM: summons 2 hostile demons
   504 | D:1      | Noticed a crimson imp
   610 | D:1      | XOM: stat loss: -1 Dex (10/11)
   893 | D:1      | Reached XP level 3. HP: 26/26 MP: 3/3
   929 | D:1      | Found Watiur's Antique Armour Boutique.
  1057 | D:1      | XOM is BORED!
  1057 | D:1      | XOM: stat loss: -3 Str (8/11)
  1419 | D:1      | XOM: give mutations
  1419 | D:1      | Gained mutation: Your body sometimes deteriorates upon
                  | taking damage. [Xom's mischief]
  1419 | D:1      | Gained mutation: You have hidden genetic potential. [Xom's
                  | mischief]
  1419 | D:1      | Gained mutation: You passively map a small area around you.
                  | [Xom's mischief]
  1419 | D:1      | Gained mutation: You are frail. (-10% HP) [Xom's mischief]
  2468 | D:1      | XOM: give mutations
  2468 | D:1      | Gained mutation: Your flesh is heat resistant. (rF+) [Xom's
                  | mischief]
  2468 | D:1      | Gained mutation: You have great hidden genetic potential.
                  | [Xom's mischief]
  2943 | D:1      | XOM is BORED!
  2943 | D:1      | XOM: give mutation
  2943 | D:1      | Lost mutation: You are frail. (-10% HP) [Xom's mischief]
  3032 | D:1      | XOM: god gift: long smoking staff {god gift}
  3163 | D:1      | XOM: give mutations
  3163 | D:1      | Gained mutation: You occasionally lose the ability to read
                  | scrolls when taking damage. [Xom's mischief]
  3163 | D:1      | Lost mutation: You have great hidden genetic potential.
                  | [Xom's mischief]
  3185 | D:1      | XOM: give mutations
  3185 | D:1      | Gained mutation: Your body often deteriorates upon taking
                  | damage. [Xom's mischief]
  3185 | D:1      | Gained mutation: You passively map the area around you.
                  | [Xom's mischief]
  3714 | D:1      | XOM: god gift: scroll labelled NIUSIUS XAUHORPH {god gift}
  4472 | D:1      | XOM: give mutations
  4472 | D:1      | Lost mutation: You occasionally lose the ability to read
                  | scrolls when taking damage. [Xom's mischief]
  4472 | D:1      | Gained mutation: You are frail. (-10% HP) [Xom's mischief]
  4472 | D:1      | Lost mutation: Your flesh is heat resistant. (rF+) [Xom's
                  | mischief]
  4472 | D:1      | Gained mutation: You are resistant to electric shocks.
                  | (rElec) [Xom's mischief]
  5453 | D:1      | XOM is BORED!
  5453 | D:1      | XOM: give mutations
  5453 | D:1      | Gained mutation: You are partially covered in iridescent
                  | scales. (AC +2) [Xom's mischief]
  5453 | D:1      | Lost mutation: You are partially covered in iridescent
                  | scales. (AC +2) [Xom's mischief]
  6651 | D:1      | XOM: give mutations
  6651 | D:1      | Gained mutation: You have a beak for a mouth. [Xom's grace]
  6651 | D:1      | Gained mutation: You are partially covered in iridescent
                  | scales. (AC +2) [Xom's grace]
  7013 | D:1      | XOM: silly message
  7032 | D:1      | XOM: summons 2 hostile demons
  7230 | D:2      | XOM: torment (13/23 hp)
  8111 | D:1      | XOM: god gift: 11 gold pieces
  8484 | D:1      | XOM: god gift: staff of death
  9035 | D:1      | XOM: noise
  9778 | D:2      | Quit the game

Illustrated notes

Levels and vault maps discovered:
D:1:      lightli_iron_boxes, layout_basic, serial_shops, nicolae_square_shop,
          minmay_misc_feat_cross
D:2:      layout_basic, basic_altar

Action                     || total
---------------------------++-------
  Melee: Short sword       ||    62
         Constrict         ||    16
         Tentacles         ||    10
         Punch             ||     1
    Use: Scroll            ||     1
   Stab: Sleeping          ||     3
 Armour: Skin              ||     6
  Dodge: Dodged            ||    43

Table legend: (Time is in decaauts)
 A = Elapsed time spent in this place.
 B = Non-inter-level travel time spent in this place.
 C = Inter-level travel time spent in this place.
 D = Time resting spent in this place.
 E = Time spent auto-exploring this place.
 F = Levels seen in this place.
 G = Mean time per level.
                   A        B        C        D        E       F      G
               +--------+--------+--------+--------+--------+-----+--------+
         Total |   9770 |   9744 |     26 |   8958 |    611 |   2 | 4885.0 |
       Dungeon |   9770 |   9744 |     26 |   8958 |    611 |   2 | 4885.0 |
               +--------+--------+--------+--------+--------+-----+--------+

Top non-repeatable levels by time:
     D:1: 9441 daAuts
     D:2: 329 daAuts
